 Dungeon Crawl Stone Soup version 0.28.0-62-gf88900778d (webtiles) character file.

Game seed: 7863654577146431586

1486 cbfl8 the Cleaver (level 8, -17/70 HPs)
             Began as a Hill Orc Berserker on June 29, 2023.
             Was a Priest of Trog.
             Demolished by a boulder beetle (22 damage)
             ... on level 7 of the Dungeon.
             The game lasted 00:05:55 (6994 turns).

cbfl8 the Cleaver (Hill Orc Berserker)              Turns: 6994, Time: 00:05:56

Health: -17/70     AC: 10    Str: 20    XL:     8   Next: 80%
Magic:  8/8        EV:  8    Int:  7    God:    Trog [***...]
Gold:   204        SH:  0    Dex: 12    Spells: 7/7 levels left

rFire   . . .      SeeInvis .   j - +0 war axe
rCold   . . .      Faith    .   (no shield)
rNeg    . . .      Spirit   .   x - +0 chain mail
rPois   +          Reflect  .   (no helmet)
rElec   .          Harm     .   p - +0 cloak {rPois}
rCorr   .          Rampage  .   (no gloves)
Will    .....                   (no boots)
Stlth   ..........              t - amulet of the acrobat
HPRegen 0.21/turn               i - ring of poison resistance
MPRegen 0.11/turn               a - ring of flight

@: on berserk cooldown, flying, slowed, very slow
A: no striking features
a: Renounce Religion, Berserk, Trog's Hand


You were on level 7 of the Dungeon.
You worshipped Trog.
Trog was most pleased with you.
You visited 1 branch of the dungeon, and saw 7 of its levels.
You also visited: Ossuary.

You collected 204 gold pieces.

Inventory:

Hand Weapons
 j - a +0 war axe (weapon)
Armour
 p - a +0 cloak of poison resistance (worn)
 x - a +0 chain mail (worn)
Jewellery
 a - a ring of flight (right hand)
 i - a ring of poison resistance (left hand)
 t - an amulet of the acrobat (around neck)
Scrolls
 b - a scroll of enchant armour
 c - 2 scrolls of immolation
 d - 2 scrolls of fear
 h - 2 scrolls of teleportation
 k - 2 scrolls of noise {unknown}
 l - a scroll of holy word
 o - a scroll of blinking
 s - a scroll of torment {unknown}
 u - 2 scrolls of summoning {unknown}
Potions
 e - a potion of haste
 f - a potion of berserk rage {unknown}
 g - 7 potions of curing {unknown}
 n - a potion of resistance {unknown}
 q - a potion of flight {unknown}
 r - a potion of heal wounds {unknown}
 v - a potion of lignification {unknown}
 w - 2 potions of cancellation {unknown}


   Skills:
 * Level 6.0 Fighting
 * Level 9.7 Axes
 * Level 4.4 Armour
 + Level 2.2 Dodging
 * Level 3.0 Stealth
 * Level 3.1 Shields
 * Level 3.0 Evocations


You had 7 spell levels left.
You didn't know any spells.
Your spell library was empty.

Dungeon Overview and Level Annotations

Branches:
Dungeon (7/15)             Temple (0/1) D:5         Ossuary (visited)

Altars:
Dithmenos
Gozag
Kikubaaqudgha
Uskayaw

Shops:
D:2 [

Annotations:
D:6 3 runed translucent doors, macfelon's ghost, novice DECj


Message History

Trog accepts your kill.
You hit the boulder beetle but do no damage.
The boulder beetle bites you but does no damage.
Unknown command.
You barely miss the boulder beetle.
Unknown command.
You hit the boulder beetle.
The boulder beetle is lightly wounded.
The boulder beetle barely misses you.
Unknown command.
You hit the boulder beetle.
The boulder beetle is lightly wounded.
The boulder beetle barely misses you.
Unknown command.
You hit the boulder beetle.
The boulder beetle is lightly wounded.
Unknown command.
You slash the boulder beetle!
The boulder beetle is lightly wounded.
The boulder beetle leaps!
You feel a strong urge to attack something.
Found 2 fuming golden potions.
You are no longer berserk.
You are exhausted.
You feel yourself slow down.
The boulder beetle completely misses you.
You hit the boulder beetle.
The boulder beetle is lightly wounded.
The boulder beetle bites you but does no damage.
You hit the boulder beetle.
The boulder beetle is lightly wounded.
The boulder beetle leaps!
The boulder beetle curls into a ball and begins rolling!
The boulder beetle hits you!!!
Ouch! That really hurt!
* * * LOW HITPOINT WARNING * * *
The boulder beetle stops rolling and uncurls.
There is a stone staircase leading up, spattered with blood here.
The boulder beetle bites you!!
You die...

#. #. #.. .. . #=#
.. #..## # #.#
#..# ###.# ..
#@##....#.#
#.##B#○.○....#
#.)..°.°.°...#
..$...)).........#
#########.........
##....$...
##...##.! .### #
##


You could see a boulder beetle.

Vanquished Creatures
  A black bear (D:6)
  An ice beast (D:4)
  An ogre (D:2)
  A bullfrog (D:6)
  3 elf zombies (Ossuary)
  2 scorpions
  A water moccasin skeleton (D:6)
  3 wights (D:7)
  A howler monkey (D:5)
  A centaur zombie (Ossuary)
  Crazy Yiuf (D:4)
  2 orc priests
  A human zombie (Ossuary)
  A bullfrog skeleton (D:4)
  3 iguanas
  2 orc wizards
  5 hound zombies
  A hound skeleton (D:4)
  3 mummies (Ossuary)
  4 adders
  3 white imps
  4 adder zombies (Ossuary)
  A worm (D:2)
  5 dart slugs
  10 orcs
  6 endoplasms
  3 gnoll zombies (Ossuary)
  12 goblins
  6 hobgoblins
  7 jackals
  A quokka (D:5)
  4 ball pythons
  6 bats
  5 frilled lizards
  3 goblin zombies (Ossuary)
  3 jackal zombies (Ossuary)
  9 kobolds
  4 kobold zombies (Ossuary)
  2 orc zombies (Ossuary)
  5 quokka zombies (Ossuary)
  6 rats
  2 rat zombies (Ossuary)
145 creatures vanquished.

Vanquished Creatures (others)
  2 fungi (D:4)
2 creatures vanquished.

Grand Total: 147 creatures vanquished

Notes
Turn   | Place    | Note
-------+----------+-------------------------------------------
     0 | D:1      | cbfl8 the Hill Orc Berserker began the quest for the Orb.
     0 | D:1      | Reached XP level 1. HP: 19/19 MP: 1/1
    37 | D:1      | Reached XP level 2. HP: 16/27 MP: 2/2
   647 | D:1      | Reached XP level 3. HP: 33/33 MP: 3/3
   684 | D:1      | Reached ** piety under Trog
  1342 | D:2      | Noticed an ogre
  1353 | D:2      | Killed an ogre
  1354 | D:2      | Reached skill level 5 in Axes
  1354 | D:2      | Reached skill level 1 in Stealth
  1354 | D:2      | Reached skill level 1 in Evocations
  1354 | D:2      | Reached XP level 4. HP: 15/41 MP: 4/4
  1354 | D:2      | Reached XP level 5. HP: 18/47 MP: 5/5
  1671 | D:2      | Reached skill level 1 in Shields
  2233 | D:2      | Found Koiguuc's Armour Emporium.
  2353 | D:2      | Found an opulent altar of Gozag.
  2770 | D:3      | Found a faded altar of an unknown god.
  2841 | D:3      | Reached skill level 6 in Axes
  3372 | D:3      | Reached XP level 6. HP: 45/53 MP: 6/6
  3774 | D:4      | Noticed an ice beast
  3784 | D:4      | Killed an ice beast
  3785 | D:4      | Reached skill level 5 in Fighting
  4186 | D:4      | Found a hide-covered altar of Uskayaw.
  4315 | D:4      | Reached XP level 7. HP: 47/61 MP: 7/7
  4402 | D:4      | Found an ancient bone altar of Kikubaaqudgha.
  4479 | D:4      | Reached skill level 7 in Axes
  4765 | D:4      | Found a runed translucent door.
  4766 | D:4      | Noticed Crazy Yiuf
  4775 | D:4      | Killed Crazy Yiuf
  4776 | D:4      | Identified the +11 mace "Nyusov" {spect, rC+ rN+}
  4851 | D:5      | Entered Level 5 of the Dungeon
  4913 | D:5      | Reached *** piety under Trog
  4951 | D:5      | Found a sand-covered staircase.
  4975 | Ossuary  | Entered an ossuary
  5176 | Ossuary  | Reached skill level 8 in Axes
  5200 | Ossuary  | Reached XP level 8. HP: 48/69 MP: 8/8
  5681 | D:5      | Found a staircase to the Ecumenical Temple.
  5917 | D:5      | Found a shadowy altar of Dithmenos.
  6068 | D:6      | Reached skill level 9 in Axes
  6893 | D:6      | Found a runed translucent gate.
  6893 | D:6      | Found a runed translucent gate.
  6893 | D:6      | Found a runed translucent gate.
  6893 | D:6      | Noticed macfelon's ghost (novice DECj)
  6970 | D:7      | Noticed a boulder beetle
  6994 | D:7      | Demolished by a boulder beetle

Illustrated notes

Levels and vault maps discovered:
D:1:      amcnicky_arrival_feature_with_door, layout_basic
D:2:      layout_basic, basic_altar, serial_shops, shop
D:3:      layout_basic, ebering_ecumenical_altar_mist,
          minmay_misc_feat_ornament, dk_noncrumbling_4, grunt_decor_clamped,
          st_stairs_11, minmay_unequal
D:4:      nicolae_BIG_FREAKIN_CUBE, layout_cave_pools, lemuel_doored_altar,
          lemuel_round_altar, uniq_crazy_yiuf_cottage
D:5:      layout_basic, grunt_dithmenos_smoke_and_mirrors,
          minmay_temple_entry_slanted, nicolae_ossuary_entry_false_entrances
D:6:      layout_loops_ring, ebering_ghost_rock_garden, minmay_misc_feat_five
D:7:      layout_rooms, chequers_serial_rivers_small_3

Skill      XL: |  1  2  3  4  5  6  7  8 |
---------------+-------------------------+-----
Fighting       | 4 5 6 |  6.0
Axes           | 5 6 8 9 |  9.7
Stealth        | 1 2 3 |  3.0
Evocations     | 1 2 3 |  3.0
Shields        | 1 2 3 |  3.1
Armour         | 3 4 |  4.4
Dodging        | 2 |  2.2

Action                   |  1- 3 |  4- 6 |  7- 9 || total
-------------------------+-------+-------+-------++-------
Melee: Hand axe          |    88 |    90 |       ||   178
       Punch             |     1 |     3 |     2 ||     6
       War axe           |       |    55 |   249 ||   304
Invok: Berserk           |     1 |     2 |     3 ||     6
  Use: Scroll            |     2 |     1 |     5 ||     8
 Stab: Sleeping          |       |     2 |       ||     2
Armor: Animal skin       |    19 |    18 |       ||    37
       Ring mail         |       |     6 |   110 ||   116
       Chain mail        |       |       |     4 ||     4
Dodge: Dodged            |    56 |    72 |   122 ||   250
